[Event "Titled Tuesday Blitz June 14 Early 2022"]
[White "Sarana, Alexey"]
[Black "Sjugirov, Sanan"]
[WhiteFideId "24133795"]
[BlackFideId "4189302"]
[WhiteElo "2666"]
[BlackElo "2602"]
[Result "1-0"]
[Round "09"]
[TimeControl "180+1"]
[Date "2022.06.14"]
[WhiteClock "0:00:09"]
[BlackClock "0:00:01"]

1. d4 Nf6 2. c4 e6 3. Nc3 Bb4 4. e3 O-O 5. Bd3 c5 6. Ne2 d5 7. cxd5 cxd4 8. exd4 Nxd5 9. O-O Nc6 10. a3 Be7 11. Bc2 Nxc3 12. bxc3 Bf6 13. Ng3 g6 14. Ne4 Bg7 15. Bg5 Qa5 16. Qf3 f6 17. Bh4 f5 18. Nd6 Qc7 19. Nxc8 Raxc8 20. Bb3 Rce8 21. Rfe1 Qc8 22. d5 exd5 23. Bxd5+ Kh8 24. Rad1 Rxe1+ 25. Rxe1 Re8 26. Rd1 Ne5 27. Qe3 Ng4 28. Qd3 b6 29. h3 Ne5 30. Qb5 h6 31. Bb7 Qe6 32. f4 Nf7 33. Bd5 Qe3+ 34. Bf2 Qe7 35. Re1 Qxe1+ 36. Bxe1 Rxe1+ 37. Kf2 Nd6 38. Qd7 Rd1 39. Qxd6 1-0


[Site "https://www.chess.com"]

[Event "Titled Tuesday Blitz June 14 Early 2022"]
[White "Snehal, Bhosale"]
[Black "Lashkin, Jegor"]
[WhiteFideId "5021995"]
[BlackFideId "13907808"]
[WhiteElo "2103"]
[BlackElo "2368"]
[Result "1-0"]
[Round "09"]
[TimeControl "180+1"]
[Date "2022.06.14"]
[WhiteClock "0:00:15"]
[BlackClock "0:00:02"]

1. d4 Nf6 2. c4 e6 3. Nc3 Bb4 4. Qc2 d5 5. cxd5 exd5 6. a3 Bxc3+ 7. Qxc3 O-O 8. f3 h6 9. e3 Re8 10. Bd3 Nbd7 11. Ne2 Nf8 12. O-O Ng6 13. Bd2 c6 14. Rae1 Nh4 15. Ng3 Be6 16. Kh1 Qd7 17. Bb1 Rad8 18. Bc1 Nf5 19. Ne2 Nd6 20. Ng3 h5 21. Qd3 h4 22. Nh5 Bf5 23. Nxf6+ gxf6 24. e4 dxe4 25. fxe4 Bxe4 26. Rxe4 Nxe4 27. Qf3 f5 28. Qh5 Qxd4 29. Qxf5 Nf6 30. Bh6 Rd5 31. Qc2 Qg4 32. h3 Qg6 33. Rxf6 1-0


[Site "https://www.chess.com"]

[Event "Titled Tuesday Blitz June 14 Early 2022"]
[White "Tan, Zhongyi"]
[Black "Lopez Gracia, Fernando"]
[WhiteFideId "8603642"]
[BlackFideId "2207184"]
[WhiteElo "2510"]
[BlackElo "2455"]
[Result "1-0"]
[Round "09"]
[TimeControl "180+1"]
[Date "2022.06.14"]
[WhiteClock "0:00:40"]
[BlackClock "0:01:37"]

1. e4 e5 2. Nf3 Nc6 3. Bb5 a6 4. Ba4 Nf6 5. O-O Bc5 6. c3 b5 7. Bb3 d6 8. a4 Bg4 9. h3 Bh5 10. d3 O-O 11. Bg5 Rb8 12. Nbd2 h6 13. Bh4 g5 14. Bg3 Kh8 15. axb5 axb5 16. Qc2 Qd7 17. Rae1 Rbe8 18. Bd5 Ne7 19. d4 exd4 20. cxd4 Bb4 21. Bb3 Ng6 22. e5 Bxf3 23. Nxf3 Bxe1 24. Rxe1 Nh5 25. e6 fxe6 26. Qxg6 Nxg3 27. Qxh6+ Qh7 28. Qxh7+ Kxh7 29. fxg3 Kg6 30. Bxe6 c5 31. d5 Ra8 32. g4 Rfe8 33. Nd2 Ra2 34. Bf5+ Kf7 35. Bg6+ Kxg6 36. Rxe8 Rxb2 37. Ne4 Re2 38. Kf1 Rc2 39. Nxd6 b4 40. Re6+ Kg7 41. Nf5+ Kf8 42. d6 b3 43. d7 Rd2 44. Re8+ Kf7 45. d8=Q Rxd8 46. Rxd8 c4 47. Rb8 1-0


[Site "https://www.chess.com"]

[Event "Titled Tuesday Blitz June 14 Early 2022"]
[White "Tanenbaum, Zachary"]
[Black "Mickiewicz, Piotr"]
[WhiteFideId "2060850"]
[BlackFideId "1114891"]
[WhiteElo "2175"]
[BlackElo "2209"]
[Result "1-0"]
[Round "09"]
[TimeControl "180+1"]
[Date "2022.06.14"]
[WhiteClock "0:01:17"]
[BlackClock "0:00:15"]

1. e4 c5 2. Nf3 e6 3. d4 cxd4 4. Nxd4 Nf6 5. Nc3 d6 6. Be3 a6 7. f3 b5 8. Qd2 Nbd7 9. g4 Nb6 10. O-O-O Bb7 11. a3 Rc8 12. g5 Nfd7 13. f4 Rxc3 14. Qxc3 Bxe4 15. Rg1 Nd5 16. Qd2 Nxe3 17. Qxe3 Qa8 18. f5 e5 19. Bd3 Bb7 20. f6 g6 21. Nb3 d5 22. Rge1 Bd6 23. Qh3 h5 24. Bxg6 Nf8 25. Bxh5 e4 26. Bxf7+ Kxf7 27. Qxh8 Bc8 28. Qg7+ Ke6 29. Nd4+ Ke5 30. f7+ Kf4 31. Qf6+ Kg4 32. Qxd6 Kh5 33. Qh6+ 1-0


[Site "https://www.chess.com"]

[Event "Titled Tuesday Blitz June 14 Early 2022"]
[White "Terry, Renato"]
[Black "Nakamura, Hikaru"]
[WhiteFideId "3803457"]
[BlackFideId "2016192"]
[WhiteElo "2577"]
[BlackElo "2850"]
[Result "1/2-1/2"]
[Round "09"]
[TimeControl "180+1"]
[Date "2022.06.14"]
[WhiteClock "0:00:03"]
[BlackClock "0:00:07"]

1. d4 f5 2. Bg5 c6 3. c4 d6 4. Nc3 Nf6 5. Bxf6 exf6 6. g3 Be6 7. e3 Bf7 8. h4 g6 9. Nh3 h5 10. Nf4 Bh6 11. Bd3 Nd7 12. b4 Qe7 13. Qc2 a5 14. b5 Bxf4 15. gxf4 O-O 16. bxc6 bxc6 17. Rb1 Rfb8 18. O-O Qd8 19. Na4 Be8 20. Rxb8 Rxb8 21. Rb1 c5 22. Nc3 cxd4 23. exd4 Bf7 24. Rb5 Rxb5 25. cxb5 Qc7 26. a3 Kf8 27. Na4 Qxc2 28. Bxc2 Ke7 29. Kg2 Bc4 30. Nc3 Nb6 31. Kf3 Kd7 32. Ke3 Kc7 33. a4 Bf7 34. Ke2 Nc8 35. Kd2 Nb6 36. Bd1 Bd5 37. Bc2 Kd7 38. Ke2 Bc4+ 39. Ke3 Ke7 40. Kd2 Kf8 41. Ke3 Kg7 42. Kf3 Be6 43. Ke3 Kh6 44. f3 g5 45. fxg5+ fxg5 46. d5 Bc8 47. hxg5+ Kxg5 48. f4+ Kg6 49. Bd1 h4 50. Bf3 Bd7 51. Kd4 Kf6 52. Kd3 Be8 53. Kd4 Bf7 54. Ke3 Kg7 55. Kf2 Kh6 56. Kg2 Bg6 57. Kh3 Bh5 58. Bg2 Bf7 59. Kxh4 Bh5 60. Bh1 Bg4 61. Kg3 Bh5 62. Bf3 Bf7 63. Kf2 Kg7 64. Ke3 Kf6 65. Kd4 Ke7 66. Bd1 Be8 67. Bc2 Bd7 68. Bb3 Kd8 69. Nd1 Ke7 70. Ne3 Kd8 71. Bc2 Kc7 72. Kc3 Bc8 73. Kb3 Bb7 74. Bxf5 Bxd5+ 75. Ka3 Bf7 76. Bd3 d5 77. Nf5 Bg6 78. Kb3 d4 79. Kc2 Bxf5 80. Bxf5 Nd5 81. Kd3 Nxf4+ 82. Kxd4 Kb6 83. Bg4 Ng6 84. Bf5 Nf4 85. Bg4 Ng6 86. Bf5 Nf4 1/2-1/2


[Site "https://www.chess.com"]

[Event "Titled Tuesday Blitz June 14 Early 2022"]
[White "Tica, Sven"]
[Black "Shipov, Sergei"]
[WhiteFideId "14526948"]
[BlackFideId "4113624"]
[WhiteElo "2346"]
[BlackElo "2796"]
[Result "1/2-1/2"]
[Round "09"]
[TimeControl "180+1"]
[Date "2022.06.14"]
[WhiteClock "0:00:09"]
[BlackClock "0:00:15"]

1. d4 d5 2. Nc3 e6 3. Bf4 c5 4. e3 a6 5. a3 Nc6 6. Nf3 Nf6 7. dxc5 Bxc5 8. Bd3 O-O 9. e4 h6 10. O-O b5 11. h3 Bb7 12. Re1 Qb6 13. Qe2 Nd4 14. Nxd4 Bxd4 15. e5 Ne4 16. Bxe4 dxe4 17. Be3 Rfd8 18. Rad1 Rac8 19. Qg4 Bxe3 20. Rxd8+ Rxd8 21. Rxe3 Qd4 22. Qf4 Rc8 23. Rg3 Rc5 24. Qf6 g6 25. Qe7 Bc6 26. Rxg6+ fxg6 27. Nxe4 Qxe4 28. Qxe6+ Kf8 29. Qc8+ Kf7 30. Qc7+ Ke8 31. Qc8+ Ke7 32. Qc7+ Kf8 33. Qc8+ Kf7 34. Qc7+ Kg8 35. Qd8+ Kf7 36. Qc7+ 1/2-1/2


[Site "https://www.chess.com"]

[Event "Titled Tuesday Blitz June 14 Early 2022"]
[White "Zierk, Steven"]
[Black "Maximov, Dmitry"]
[WhiteFideId "2034255"]
[BlackFideId "14105659"]
[WhiteElo "2494"]
[BlackElo "2494"]
[Result "1-0"]
[Round "09"]
[TimeControl "180+1"]
[Date "2022.06.14"]
[WhiteClock "0:00:20"]
[BlackClock "0:00:07"]

1. b3 Nf6 2. Bb2 c5 3. Nf3 Nc6 4. c4 d6 5. g3 e5 6. Bg2 Be7 7. O-O O-O 8. d3 Qd7 9. Nc3 b6 10. e3 Bb7 11. d4 cxd4 12. exd4 e4 13. Ng5 e3 14. fxe3 Ng4 15. Nce4 f5 16. Bh3 Bxg5 17. Nxg5 Nxe3 18. Qh5 g6 19. Qh4 Nxf1 20. Rxf1 Rae8 21. Bg2 Nb4 22. d5 Nd3 23. Bd4 Re2 24. Ne6 Qxe6 25. Bf3 Qe7 26. Bxe2 Qxe2 27. Qh6 Rf7 28. Qg5 Ne5 29. Qd8+ Kg7 30. Qxd6 h5 31. Bxe5+ Kh6 32. Qb8 Qe3+ 33. Kg2 Qe4+ 34. Kg1 Qe3+ 35. Rf2 Qe1+ 36. Kg2 Qe4+ 37. Kf1 Qh1+ 38. Ke2 Qe4+ 39. Kd2 Kg5 40. h4+ Kg4 41. Rf4+ Kh3 42. Rxe4 fxe4 43. Bf4 Ba6 44. Qe8 Rf5 45. Qxe4 1-0


[Site "https://www.chess.com"]

[Event "Titled Tuesday Blitz June 14 Early 2022"]
[White "Alinasab, Mobina"]
[Black "Avinash, Ramesh"]
[WhiteFideId "12528897"]
[BlackFideId "45018340"]
[WhiteElo "2031"]
[BlackElo "1875"]
[Result "0-1"]
[Round "10"]
[TimeControl "180+1"]
[Date "2022.06.14"]
[WhiteClock "0:01:32"]
[BlackClock "0:01:32"]

1. Nf3 Nf6 2. g3 g6 3. b3 Bg7 4. d4 O-O 5. Bb2 b6 6. Bg2 Bb7 7. O-O d6 8. c4 Nbd7 9. d5 e5 10. dxe6 fxe6 11. Nd4 Bxg2 12. Kxg2 Qe8 13. Nc3 e5 14. Nc2 Nc5 15. e4 Rd8 16. f3 Ne6 17. Nd5 Nh5 18. Kh1 Rd7 19. Qe2 Rdf7 20. Rad1 Kh8 21. Bc3 Rg8 22. Ba1 Qd8 23. Ncb4 a5 24. Nc2 Qg5 25. Bb2 Qh6 26. Bc1 Nxg3+ 27. Kg2 Nxe2 28. Bxh6 Bxh6 0-1


[Site "https://www.chess.com"]

[Event "Titled Tuesday Blitz June 14 Early 2022"]
[White "Aravindh, Chithambaram VR."]
[Black "Le, Tuan Minh"]
[WhiteFideId "5072786"]
[BlackFideId "12401153"]
[WhiteElo "2577"]
[BlackElo "2530"]
[Result "0-1"]
[Round "10"]
[TimeControl "180+1"]
[Date "2022.06.14"]
[WhiteClock "0:00:01"]
[BlackClock "0:00:52"]

1. b3 d5 2. Bb2 Nf6 3. Nf3 Bf5 4. e3 e6 5. d4 Bd6 6. Nbd2 Nbd7 7. Bd3 Bg6 8. Ne5 O-O 9. Nxg6 hxg6 10. h4 e5 11. c4 c6 12. Qc2 Qe7 13. O-O-O Ba3 14. Kb1 Bxb2 15. Qxb2 Rfe8 16. cxd5 cxd5 17. Bb5 e4 18. Be2 a5 19. Rc1 a4 20. b4 a3 21. Qb3 Qe6 22. Rc7 Qb6 23. Rhc1 Nf8 24. R7c3 Qe6 25. b5 Qf5 26. Rf1 Ne6 27. Qb4 Ng4 28. Rcc1 Rec8 29. Qd6 Rxc1+ 30. Kxc1 Rc8+ 31. Kb1 Nxd4 32. Bxg4 Qxg4 33. exd4 Qe2 34. Qb4 Qd3+ 35. Ka1 Rc4 36. Nxc4 Qxf1+ 37. Qb1 Qxc4 0-1


[Site "https://www.chess.com"]

[Event "Titled Tuesday Blitz June 14 Early 2022"]
[White "Bharath Subramaniyam H"]
[Black "Bluebaum, Matthias"]
[WhiteFideId "46634827"]
[BlackFideId "24651516"]
[WhiteElo "2242"]
[BlackElo "2556"]
[Result "1-0"]
[Round "10"]
[TimeControl "180+1"]
[Date "2022.06.14"]
[WhiteClock "0:02:15"]
[BlackClock "0:01:39"]

1. c4 e6 2. Nc3 d5 3. d4 Nf6 4. Bg5 dxc4 5. e3 c5 6. Nf3 cxd4 7. Nxd4 Be7 8. Bxc4 O-O 9. O-O a6 10. Be2 h6 11. Bf4 Nbd7 12. Bg3 Nc5 13. Bf3 e5 14. Bxe5 Be6 15. Nxe6 fxe6 16. Bd4 Nfd7 17. b4 1-0


[Site "https://www.chess.com"]

[Event "Titled Tuesday Blitz June 14 Early 2022"]
[White "Cherniaiev, Tykhon"]
[Black "Samadov, Read"]
[WhiteFideId "14182360"]
[BlackFideId "13417444"]
[WhiteElo "2289"]
[BlackElo "2084"]
[Result "0-1"]
[Round "10"]
[TimeControl "180+1"]
[Date "2022.06.14"]
[WhiteClock "0:02:02"]
[BlackClock "0:01:35"]

1. Nf3 Nf6 2. d4 e6 3. c4 d5 4. g3 Bb4+ 5. Bd2 Be7 6. Qc2 O-O 7. Bg2 Nbd7 8. O-O c6 9. b3 b6 10. Nc3 Ba6 11. e4 dxc4 12. e5 Nd5 13. bxc4 Bxc4 14. Rfd1 Nxc3 15. Bxc3 Bd5 16. h4 h6 17. a4 c5 18. dxc5 Bxc5 19. Nd4 Bxg2 20. Kxg2 Qc7 21. Nb5 Qc6+ 22. Kg1 a6 23. Nd6 Rfd8 24. Qe2 Bxd6 25. Rxd6 Qxc3 26. Rad1 Qc7 27. Qd2 Ra7 28. Rc1 Qb8 29. Rd1 b5 30. Qa5 bxa4 31. Qxa4 Qb5 32. Qd4 Rb7 33. Qc3 Rdb8 34. Qc2 a5 35. h5 a4 36. R1d3 Qb1+ 37. Qxb1 Rxb1+ 38. Kg2 Nxe5 39. Ra3 Nc4 40. Rxa4 Nxd6 41. Rd4 Nf5 42. Rf4 R1b2 43. g4 Ne7 44. g5 hxg5 45. Rg4 R8b5 46. Rg3 Rf5 47. Kg1 Rfxf2 48. Rc3 Rfd2 49. Rc1 Nf5 50. h6 Ng3 51. Rc8+ Kh7 52. Rh8+ Kg6 53. hxg7 Rd1# 0-1


[Site "https://www.chess.com"]

[Event "Titled Tuesday Blitz June 14 Early 2022"]
[White "Csonka, Balazs"]
[Black "Deac, Bogdan-Daniel"]
[WhiteFideId "742910"]
[BlackFideId "1226380"]
[WhiteElo "2404"]
[BlackElo "2648"]
[Result "1-0"]
[Round "10"]
[TimeControl "180+1"]
[Date "2022.06.14"]
[WhiteClock "0:02:13"]
[BlackClock "0:01:04"]

1. Nf3 d5 2. d4 Nf6 3. c4 e6 4. Nc3 c6 5. Bg5 h6 6. Bh4 dxc4 7. e4 g5 8. Bg3 b5 9. Be2 Bb7 10. O-O Nbd7 11. Ne5 Bg7 12. Nxd7 Nxd7 13. Bd6 a6 14. a4 b4 15. d5 bxc3 16. dxe6 Ne5 17. Bh5 Qf6 18. Bxe5 1-0


[Site "https://www.chess.com"]

[Event "Titled Tuesday Blitz June 14 Early 2022"]
[White "Daneshvar, Bardiya"]
[Black "Preotu, Razvan"]
[WhiteFideId "12576468"]
[BlackFideId "2613280"]
[WhiteElo "2303"]
[BlackElo "2407"]
[Result "1-0"]
[Round "10"]
[TimeControl "180+1"]
[Date "2022.06.14"]
[WhiteClock "0:00:10"]
[BlackClock "0:00:02"]

1. b3 e5 2. Bb2 Nc6 3. c4 Nge7 4. Nf3 d5 5. cxd5 Nxd5 6. Nxe5 Nxe5 7. Bxe5 Bf5 8. Nc3 Qe7 9. Nxd5 Qxe5 10. Ne3 O-O-O 11. Nc4 Qf6 12. a4 Bb4 13. e3 Bxd2+ 14. Nxd2 Rxd2 15. Kxd2 Rd8+ 16. Ke2 Qb2+ 17. Kf3 Rxd1 18. Rxd1 Qxb3 19. Rd4 g5 20. Bc4 Qb6 21. Rhd1 Qc6+ 22. e4 Kb8 23. Bb5 Qf6 24. exf5 Qxf5+ 25. Ke2 a6 26. Bd7 Qe5+ 27. Kf1 Qxh2 28. g3 h5 29. Bf5 h4 30. gxh4 gxh4 31. Be4 Qh3+ 32. Bg2 Qc3 33. Rxh4 Qc2 34. Rhd4 f5 35. Kg1 a5 36. Re1 c6 37. Rd7 Qxa4 38. Rb1 Kc8 39. Rdxb7 Qc2 40. R7b2 Qc3 41. Rb6 1-0


[Site "https://www.chess.com"]

[Event "Titled Tuesday Blitz June 14 Early 2022"]
[White "Durarbayli, Vasif"]
[Black "Grischuk, Alexander"]
[WhiteFideId "13402935"]
[BlackFideId "4126025"]
[WhiteElo "2528"]
[BlackElo "2762"]
[Result "1-0"]
[Round "10"]
[TimeControl "180+1"]
[Date "2022.06.14"]
[WhiteClock "0:00:24"]
[BlackClock "0:00:04"]

1. e4 e6 2. d4 d5 3. e5 c5 4. c3 Nc6 5. Nf3 Qb6 6. Be2 cxd4 7. cxd4 Nh6 8. Bxh6 Qxb2 9. Nc3 Qxc3+ 10. Bd2 Qa3 11. O-O Be7 12. Qc2 a6 13. Rab1 O-O 14. Rfc1 Nb4 15. Bxb4 Bxb4 16. Ng5 g6 17. Rb3 Qa5 18. Rh3 Bd7 19. Nxh7 Be7 20. Nxf8 Bxf8 21. Rc3 Bb4 22. Rg3 Rc8 23. Qb1 Rxc1+ 24. Qxc1 Qxa2 25. Bf1 Qd2 26. Qc7 Be8 27. Qc8 Kf8 28. Rh3 Ke7 29. Rh8 1-0


[Site "https://www.chess.com"]

[Event "Titled Tuesday Blitz June 14 Early 2022"]
[White "Fedoseev, Vladimir"]
[Black "Zierk, Steven"]
[WhiteFideId "24130737"]
[BlackFideId "2034255"]
[WhiteElo "2726"]
[BlackElo "2494"]
[Result "1-0"]
[Round "10"]
[TimeControl "180+1"]
[Date "2022.06.14"]
[WhiteClock "0:00:56"]
[BlackClock "0:00:10"]

1. e4 e6 2. d4 d5 3. e5 c5 4. c3 Nc6 5. Nf3 Bd7 6. Be2 Nge7 7. O-O Nf5 8. Bd3 cxd4 9. Bxf5 exf5 10. cxd4 Be7 11. Nc3 Be6 12. Ne1 O-O 13. Be3 Rc8 14. Nd3 Na5 15. Qf3 Qd7 16. Qg3 Nc4 17. Bh6 g6 18. Bxf8 Bxf8 19. Rac1 Nd2 20. Rfd1 Ne4 21. Nxe4 dxe4 22. Rxc8 Qxc8 23. Ne1 Bxa2 24. d5 Bb4 25. d6 Be6 26. Qe3 b6 27. Qd4 Bc5 28. Qc3 Qd7 29. b4 Qa4 30. Rb1 Qb5 31. Rb2 1-0


[Site "https://www.chess.com"]

[Event "Titled Tuesday Blitz June 14 Early 2022"]
[White "Gracia Alvarez, Gerardo Antonio"]
[Black "Maltsevskaya, Aleksandra"]
[WhiteFideId "5109124"]
[BlackFideId "24174041"]
[WhiteElo "2139"]
[BlackElo "2243"]
[Result "1-0"]
[Round "10"]
[TimeControl "180+1"]
[Date "2022.06.14"]
[WhiteClock "0:00:07"]
[BlackClock "0:00:02"]

1. e4 c5 2. Nc3 e6 3. d4 cxd4 4. Qxd4 Nc6 5. Qd3 Nf6 6. Bf4 a6 7. O-O-O Qa5 8. Kb1 Be7 9. e5 Nxe5 10. Qg3 Ng6 11. Bc7 b6 12. h4 Bb7 13. Be2 h5 14. Bd3 O-O 15. Nf3 Rac8 16. Bxg6 fxg6 17. Be5 Bb4 18. Ng5 d6 19. Bxd6 Bxc3 20. Bxf8 Bxb2 21. Kxb2 Rxf8 22. Nxe6 Rc8 23. c4 Qb4+ 24. Qb3 Qe7 25. Rhe1 Be4 26. Ng5 Qb7 27. f3 Bc6 28. c5+ Bd5 29. Qxb6 1-0


[Site "https://www.chess.com"]

[Event "Titled Tuesday Blitz June 14 Early 2022"]
[White "Gunina, Valentina"]
[Black "Tica, Sven"]
[WhiteFideId "4167570"]
[BlackFideId "14526948"]
[WhiteElo "2386"]
[BlackElo "2346"]
[Result "1-0"]
[Round "10"]
[TimeControl "180+1"]
[Date "2022.06.14"]
[WhiteClock "0:02:11"]
[BlackClock "0:00:49"]

1. d4 d5 2. c4 e6 3. Nf3 Nf6 4. Nc3 Nbd7 5. Bf4 dxc4 6. e3 Nb6 7. Bxc4 Nxc4 8. Qa4+ c6 9. Qxc4 Nd5 10. O-O Nxf4 11. exf4 Qb6 12. a3 Be7 13. Rfe1 O-O 14. Ne5 Rd8 15. Red1 Bd7 16. f5 Bc8 17. Rd3 Bf6 18. Re1 Qa6 19. Qxa6 bxa6 20. Nxc6 Rd6 21. d5 Bb7 22. Ne4 Bxc6 23. Nxd6 Bxd5 24. fxe6 fxe6 25. b4 Rb8 26. Ne4 Be7 27. Nc3 Bc4 28. Rd4 Rc8 29. Rd7 Bf6 30. Ne4 Be5 31. Nc5 Bc3 32. Re3 Bb5 33. Rd6 Bf6 34. h3 a5 35. Rdxe6 axb4 36. axb4 a5 37. Ne4 Rc1+ 38. Kh2 Bd4 39. Ra3 axb4 40. Ra8+ Kf7 41. Ng5# 1-0


[Site "https://www.chess.com"]

[Event "Titled Tuesday Blitz June 14 Early 2022"]
[White "Hakobyan, Aram"]
[Black "Andreikin, Dmitry"]
[WhiteFideId "13306677"]
[BlackFideId "4158814"]
[WhiteElo "2557"]
[BlackElo "2736"]
[Result "0-1"]
[Round "10"]
[TimeControl "180+1"]
[Date "2022.06.14"]
[WhiteClock "0:00:04"]
[BlackClock "0:00:11"]

1. d4 d5 2. Nf3 Nf6 3. c3 Bf5 4. Qb3 Qc8 5. c4 dxc4 6. Qxc4 e6 7. Nc3 Nbd7 8. Bf4 Nb6 9. Qb3 Bd6 10. Bg3 O-O 11. e3 Bxg3 12. hxg3 c5 13. Rd1 c4 14. Qb5 Nfd5 15. Ne5 Qc7 16. g4 Bg6 17. Nxg6 hxg6 18. e4 Nxc3 19. bxc3 Qf4 20. Be2 Qxe4 21. Qg5 Nd5 22. Kf1 Nxc3 23. Bf3 Qc2 24. Re1 Rae8 25. Qh4 f6 26. g5 f5 27. Qh7+ Kf7 28. Rh6 f4 29. Rxg6 Qxg6 30. Bh5 Qxh5 31. Qxh5+ Ke7 32. Qg6 Kd6 33. Qxg7 Nd5 34. Qe5+ Kd7 35. g6 Rg8 36. g7 Re7 37. Rc1 c3 38. Rb1 b6 39. Rb5 Rgxg7 40. Rxd5+ exd5 41. Qxd5+ Kc8 42. Qa8+ Kc7 43. Qxa7+ Kc6 44. Qa4+ Kd5 45. Qb3+ Kxd4 46. Qb4+ Kd3 47. Qb5+ Kd2 48. Qd5+ Kc1 49. Qd4 Rc7 50. Qxf4+ Kb2 51. Qb4+ Kxa2 52. Qa4+ Kb2 53. Qb4+ Kc2 54. Qe4+ Kb3 55. Qe6+ Ka3 56. Qd6+ Ka4 57. Qd4+ Ka5 58. Qe5+ Ka6 59. Qe2+ b5 60. Qa2+ Kb6 61. Qe6+ Rc6 62. Qe3+ Ka6 63. Qe8 Rgc7 64. Qa8+ Kb6 65. Qb8+ Ka5 66. Qa7+ Rxa7 0-1


[Site "https://www.chess.com"]

[Event "Titled Tuesday Blitz June 14 Early 2022"]
[White "Halkias, Stelios"]
[Black "Girinath, P.D.S."]
[WhiteFideId "4201809"]
[BlackFideId "5000572"]
[WhiteElo "2453"]
[BlackElo "2369"]
[Result "1-0"]
[Round "10"]
[TimeControl "180+1"]
[Date "2022.06.14"]
[WhiteClock "0:01:03"]
[BlackClock "0:00:29"]

1. Nf3 f5 2. c4 Nf6 3. g3 d6 4. Bg2 e5 5. O-O g6 6. d3 Bg7 7. Nc3 O-O 8. Rb1 a5 9. a3 Nc6 10. b4 axb4 11. axb4 h6 12. b5 Ne7 13. Bb2 g5 14. Ra1 Rb8 15. Nd2 Qe8 16. Ra7 f4 17. Nde4 Nf5 18. Nxf6+ Bxf6 19. Nd5 Bd8 20. Qd2 fxg3 21. hxg3 c6 22. Ne3 Bb6 23. Nxf5 Bxf5 24. Ra3 Qh5 25. d4 e4 26. d5 cxb5 27. Qc3 Qg6 28. g4 Bxg4 29. Bxe4 Bf5 30. Bxf5 Rxf5 31. Qh8+ Kf7 32. Qxb8 1-0


[Site "https://www.chess.com"]

[Event "Titled Tuesday Blitz June 14 Early 2022"]
[White "Iannaccone, Ernesto"]
[Black "Narayanan, Srinath"]
[WhiteFideId "800163"]
[BlackFideId "5018420"]
[WhiteElo "2386"]
[BlackElo "2472"]
[Result "1/2-1/2"]
[Round "10"]
[TimeControl "180+1"]
[Date "2022.06.14"]
[WhiteClock "0:00:02"]
[BlackClock "0:00:18"]

1. d4 f5 2. g3 Nf6 3. Bg2 g6 4. Nh3 Bg7 5. O-O O-O 6. c4 d6 7. d5 a5 8. Nc3 Na6 9. Nf4 Nc5 10. Rb1 e5 11. dxe6 c6 12. Be3 Nxe6 13. Nxe6 Bxe6 14. b3 Qe7 15. Qd2 Rad8 16. Bb6 Rd7 17. Bxa5 Nh5 18. e3 g5 19. Bb6 f4 20. exf4 gxf4 21. Rbe1 Qf7 22. Ne4 h6 23. Bf3 Bh3 24. Bg2 Be6 25. Bf3 Bh3 26. Bg2 Bxg2 27. Kxg2 f3+ 28. Kh1 Qf5 29. Bd4 d5 30. Nc5 Rdf7 31. Bxg7 Nxg7 32. cxd5 cxd5 33. Qd4 Qh3 34. Rg1 Rf5 35. Re5 Rxe5 36. Qxe5 Rf5 37. Qb8+ Kh7 38. g4 Rf6 39. Qe5 Rg6 40. Qf4 h5 41. g5 Rc6 42. Nd3 Qf5 43. Qxf5+ Nxf5 44. Ne5 Rc2 45. Nxf3 Rxf2 46. Ne5 Rxa2 47. Rc1 Ne3 48. h4 Re2 49. Rc7+ Kg8 50. Rc8+ Kg7 51. Rc7+ Kf8 52. g6 Re1+ 53. Kh2 Nf1+ 54. Kg2 Rxe5 55. Kxf1 b5 56. Rc5 b4 57. Kf2 Kg7 58. Rb5 Re4 59. Rxd5 Kxg6 60. Kg3 Re3+ 61. Kf4 Rxb3 62. Rd6+ Kg7 63. Kg5 Rg3+ 64. Kxh5 b3 65. Rb6 Kh7 66. Rb7+ Kg8 67. Kh6 Kf8 68. h5 Kg8 69. Rb8+ Kf7 70. Rb7+ Kf6 71. Kh7 Rh3 72. h6 Ke6 73. Rb6+ Kd5 74. Kg7 Kc5 75. Rxb3 Rxb3 76. h7 Rb7+ 77. Kg8 Rb8+ 78. Kg7 Rb7+ 79. Kg8 Rxh7 80. Kxh7 1/2-1/2


[Site "https://www.chess.com"]

[Event "Titled Tuesday Blitz June 14 Early 2022"]
[White "Karacsonyi, Gellert"]
[Black "Bilych, Olexiy"]
[WhiteFideId "764620"]
[BlackFideId "14156504"]
[WhiteElo "2187"]
[BlackElo "2189"]
[Result "1-0"]
[Round "10"]
[TimeControl "180+1"]
[Date "2022.06.14"]
[WhiteClock "0:01:10"]
[BlackClock "0:00:15"]

1. e4 e5 2. Nf3 Nc6 3. Bb5 a6 4. Bxc6 dxc6 5. O-O Bg4 6. h3 h5 7. d3 Qf6 8. Nbd2 g5 9. Nc4 Qg7 10. hxg4 hxg4 11. Nxg5 Qh6 12. f4 Bc5+ 13. Be3 exf4 14. Bxc5 Qxg5 15. Bd4 Rh7 16. Qd2 g3 17. Rxf4 Qh6 18. Kf1 Nf6 19. Rxf6 1-0


[Site "https://www.chess.com"]

[Event "Titled Tuesday Blitz June 14 Early 2022"]
[White "Karolczuk, Iwo"]
[Black "Morefield, Jason"]
[WhiteFideId "21816972"]
[BlackFideId "30920825"]
[WhiteElo "2281"]
[BlackElo "2171"]
[Result "1-0"]
[Round "10"]
[TimeControl "180+1"]
[Date "2022.06.14"]
[WhiteClock "0:00:13"]
[BlackClock "0:00:10"]

1. e4 d6 2. d4 Nf6 3. Nc3 g6 4. h3 Bg7 5. Be3 c6 6. Qd2 Nbd7 7. a4 Qa5 8. Nf3 O-O 9. Bc4 d5 10. exd5 Nb6 11. Bb3 cxd5 12. O-O Nc4 13. Bxc4 dxc4 14. Rfe1 Bf5 15. Bf4 Rfe8 16. Re5 Qd8 17. Re2 Rc8 18. Rae1 h5 19. d5 Rc5 20. Rd1 Qa5 21. Be3 Rcc8 22. Bf4 a6 23. Qe1 Bf8 24. Be5 Nd7 25. Bd4 b5 26. axb5 axb5 27. Nh4 e5 28. Nxf5 gxf5 29. Bxe5 b4 30. Nb1 Rc5 31. Bd4 Rxe2 32. Qxe2 Rxd5 33. Qxh5 Bg7 34. Qg5 f6 35. Qe3 Nf8 36. c3 Qd8 37. Nd2 bxc3 38. bxc3 Rd7 39. Nxc4 Kh7 40. Qf3 Ng6 41. Qxf5 Qc7 42. Ne3 Re7 43. Ng4 Rf7 44. Qh5+ Kg8 45. Qxg6 f5 46. Nh6+ Kf8 47. Qxf7+ Qxf7 48. Nxf7 Bxd4 49. Rxd4 Kxf7 50. Rd1 Kg6 51. f3 Kh5 52. c4 Kg5 53. c5 Kh4 54. c6 f4 55. c7 Kg3 56. c8=Q Kh4 57. Qg4# 1-0


[Site "https://www.chess.com"]

[Event "Titled Tuesday Blitz June 14 Early 2022"]
[White "Kobalia, Mikhail"]
[Black "Aditya Mittal"]
[WhiteFideId "4119150"]
[BlackFideId "35042025"]
[WhiteElo "2667"]
[BlackElo "2303"]
[Result "1-0"]
[Round "10"]
[TimeControl "180+1"]
[Date "2022.06.14"]
[WhiteClock "0:00:34"]
[BlackClock "0:00:03"]

1. e4 c5 2. Nf3 d6 3. d4 cxd4 4. Nxd4 Nf6 5. Nc3 a6 6. Be3 e5 7. Nb3 Be7 8. Qd2 O-O 9. O-O-O Be6 10. f4 exf4 11. Bxf4 Nc6 12. Bxd6 Bxd6 13. Qxd6 Qb6 14. Qc5 Qc7 15. Nd5 Bxd5 16. exd5 Qf4+ 17. Kb1 Ne5 18. Qd4 Qf5 19. Bd3 Nxd3 20. Qxd3 Qxd3 21. Rxd3 Rfd8 22. Rhd1 b5 23. d6 Rac8 24. Rd4 Rd7 25. a4 bxa4 26. Rxa4 Rc6 27. Rad4 Ne8 28. Rd5 Rcxd6 29. Rxd6 Rxd6 30. Rxd6 Nxd6 31. Nc5 a5 32. Ka2 f5 33. Kb3 g5 34. Ka4 Nc4 35. b3 Ne3 36. Kxa5 Nxg2 37. b4 Ne3 38. b5 f4 39. b6 Nc4+ 40. Kb5 Nxb6 41. Kxb6 g4 42. Nd3 g3 43. hxg3 fxg3 44. Nf4 h5 45. Ng2 Kf7 46. c4 Kf6 47. c5 Kg5 48. c6 h4 49. c7 h3 50. c8=Q hxg2 51. Qc5+ Kg4 52. Qg1 Kf3 53. Kc5 1-0


[Site "https://www.chess.com"]